Match 45859131
Unlisted

Match 45859131
End
Construct Section Command Post
Vickers Machine Gun Team
Dingo Light Scout Car
Selects Australian Defense Battlegroup
Selects Australian Light Infantry Section
Australian Light Infantry Section
Australian Light Infantry Section
Australian Light Infantry Section
Construct Platoon Command Post
Unlock M3 Stuart Light Tanks
M3 Stuart Light Tank
Infantry Training
Royal Engineer Section
Selects 2-pounder Anti-tank Gun Team
Selects Vehicle Over Repair
Unlock Bishop Self-propelled Artillery
Bishop Self-propelled Artillery
Bishop Self-propelled Artillery
Light Vehicle Training
6-pounder Anti-tank Gun Team
Construct Company Command Post
Crusader II Medium Tank
6-pounder Anti-tank Gun Team
Crusader II Medium Tank
Selects CMP 15cwt Supply Run
Selects Artillery Trip Wire Flares
Selects Charged Creeping Barrage
Charged Creeping Barrage
Armored Vehicle Training
Charged Creeping Barrage
Qhunter
Achilles Gaming @ YouTube
MiniMitMit
Makieehee
frostie
mayomeyo
0
0

Comments sign in to comment!

No comments posted yet!